Map: Dusk Towers

Players

Elazer - Winner!

  • Race: Zerg Zerg

Hydra

  • Race: Zerg Zerg

Event: 2016 WCS Winter Circuit Championship

VOD

Have the link to the VOD?

Description

Time

  • Played on: March 4, 2016, 2:40 p.m.
  • Length: 10:39

All games in this series

Show
View Real Time Build Order
Export as new Build Order

Elazer Zerg - Winner!

Build Orders: Hatch First 

Get SALT Encoding   

  12  0:00  Drone  
  13  0:13  Overlord  
  13  0:17  Drone  
  14  0:31  Drone x2  
  14  0:35  Drone  
  17  0:51  Hatchery  
  17  0:54  Drone  
  17  0:57  Drone  
  18  1:08  Extractor  
  17  1:12  Spawning Pool  
  17  1:14  Drone  
  17  1:17  Drone  
  18  1:28  Drone  
  19  1:40  Overlord  
  19  1:55  Drone  
  19  1:58  Queen  
  19  2:01  Zergling x2  
  23  2:03  Queen  
  23  2:04  Drone  
  23  2:08  Metabolic Boost  
  26  2:11  Drone  
  26  2:14  Drone  
  28  2:23  Drone  
  28  2:24  Drone  
  30  2:35  Hatchery, Drone  
  30  2:44  Drone x2  
  30  2:46  Overlord  
  32  2:55  Drone  
  32  2:58  Zergling x2  
  34  3:07  Zergling x2  
  34  3:08  Zergling x6  
  34  3:11  Zergling x2  
  34  3:12  Overlord  
  39  3:13  Queen  
  39  3:15  Drone  
  39  3:16  Drone  
  39  3:18  Drone  
  44  3:33  Roach Warren, Drone x3  
  46  3:40  Drone x2  
  48  3:41  Drone  
  49  3:48  Overlord  
  49  3:51  Drone, Extractor  
  49  3:52  Drone x2  
  51  3:58  Zergling x2  
  51  4:00  Overlord  
  52  4:08  Overlord  
  52  4:13  Roach  
  52  4:14  Roach x3  
  60  4:18  Roach x2  
  60  4:21  Roach  
  60  4:23  Zergling x6  
  68  4:26  Roach  
  69  4:32  Roach  
  69  4:33  Roach  
  69  4:36  Queen x2  
  70  4:41  Roach  
  67  4:46  Overlord  
  67  4:48  Roach x2  
  70  4:56  Roach  
  70  4:58  Overlord  
  69  5:01  Roach x2  
  69  5:03  Zergling x6  
  76  5:07  Overlord  
  76  5:10  Extractor  
  76  5:12  Evolution Chamber, Drone, Queen  
  77  5:18  Drone  
  77  5:19  Drone x2  
  80  5:23  Drone x2  
  80  5:27  Roach x2  
  86  5:31  Roach  
  86  5:35  Overlord  
  88  5:41  Roach x3  
  94  5:46  Overlord  
  94  5:49  Drone  
  97  5:50  Roach  
  97  5:52  Roach  
  97  5:54  Roach  
  102  5:57  Roach  
  102  6:01  Roach x2  
  102  6:03  Roach  
  106  6:06  Overlord  
  106  6:10  Ravager  
  106  6:11  Zergling x6  
  108  6:16  Zergling x4  
  112  6:21  Zergling x8  
  112  6:24  Zergling x2  
  117  6:28  Ravager x2  
  117  6:30  Zergling x6  
  118  6:42  Ravager  
  118  6:43  Zergling x16  
  118  6:46  Zergling x2  
  119  6:55  Zergling x2  
  119  6:56  Zergling x6  
  119  7:01  Zergling x10  
  102  7:10  Zergling x2  
  102  7:11  Zergling x6  
  102  7:15  Ravager x2  
  101  7:20  Roach  
  101  7:21  Roach x2  
  98  7:25  Ravager  
  98  7:26  Roach x4  
  102  7:30  Roach  
  102  7:36  Zergling x6  
  98  7:40  Zergling x2  
  98  7:41  Zergling x4  
  97  7:46  Lair  
  97  7:50  Zerg Missile Weapons Level 1  
  96  7:56  Roach x2  
  97  8:03  Roach x3  
  100  8:08  Roach  
  99  8:14  Roach x2  
  99  8:15  Overlord  
  99  8:17  Extractor  
  99  8:18  Drone x3  
  88  8:22  Drone x3  
  88  8:26  Roach  
  93  8:35  Roach  
  93  8:36  Roach x3  
  101  8:47  Glial Reconstitution  
  101  8:52  Roach x4  
  109  8:55  Overlord  
  109  8:59  Drone x4  
  109  9:02  Drone x2  
  113  9:07  Roach  
  113  9:10  Overlord  
  110  9:17  Extractor  
  110  9:18  Drone x3  
  110  9:19  Overlord  
  110  9:20  Ravager x2  
  110  9:21  Ravager x2  
  116  9:25  Roach  
  116  9:28  Overlord  
  116  9:30  Roach x2  
  122  9:32  Roach  
  122  9:35  Roach  
  122  9:38  Overlord  
  126  9:40  Roach  
  126  9:41  Roach  
  130  9:46  Roach  
  130  9:47  Roach x2  
  130  9:51  Roach x3  
  142  9:57  Roach x3  
  142  9:59  Roach  
  150  10:03  Roach x2  
  154  10:08  Roach x2  
  154  10:13  Ravager  
  159  10:17  Roach x4  
  159  10:18  Overlord  
Show
View Real Time Build Order
Export as new Build Order

Hydra Zerg 

Build Orders: Hatch First 

Get SALT Encoding   

  12  0:00  Drone  
  13  0:12  Overlord  
  13  0:17  Drone  
  14  0:30  Drone x2  
  14  0:34  Drone  
  17  0:51  Hatchery  
  17  0:53  Drone  
  17  0:57  Drone  
  18  1:05  Extractor  
  17  1:12  Spawning Pool  
  17  1:16  Drone  
  17  1:19  Drone  
  18  1:27  Drone  
  19  1:39  Drone  
  20  1:48  Overlord  
  20  1:59  Queen  
  22  2:02  Queen  
  22  2:03  Drone  
  22  2:04  Drone  
  22  2:06  Metabolic Boost  
  26  2:11  Zergling x2  
  26  2:13  Drone  
  28  2:21  Drone  
  29  2:25  Baneling Nest  
  29  2:26  Drone  
  29  2:32  Drone  
  29  2:35  Drone  
  31  2:46  Hatchery  
  31  2:49  Zergling x2  
  31  2:53  Overlord  
  31  2:57  Drone  
  32  3:00  Drone  
  32  3:05  Drone  
  34  3:07  Drone  
  34  3:08  Drone  
  36  3:13  Zergling x2  
  36  3:16  Zergling x6  
  36  3:19  Overlord  
  40  3:26  Zergling x2  
  40  3:31  Queen  
  42  3:35  Zergling x4  
  44  3:43  Zergling x10  
  44  3:48  Zergling x6  
  52  3:54  Overlord  
  52  4:00  Baneling x2  
  52  4:06  Zergling x2, Overlord  
  52  4:07  Zergling x4  
  55  4:12  Overlord  
  55  4:15  Baneling x2, Drone  
  56  4:18  Drone  
  56  4:20  Drone  
  57  4:24  Drone x2  
  57  4:27  Drone  
  57  4:30  Drone  
  60  4:37  Zergling x2  
  60  4:41  Zergling x12  
  62  4:47  Roach Warren  
  62  4:49  Drone  
  62  4:50  Drone x3  
  62  4:52  Extractor  
  60  4:54  Zergling x4  
  60  5:00  Drone x3  
  60  5:04  Overlord  
  63  5:08  Drone  
  63  5:09  Lair  
  63  5:11  Drone  
  62  5:26  Overlord  
  62  5:27  Roach, Overlord  
  62  5:28  Roach x4  
  72  5:31  Roach  
  72  5:32  Roach  
  76  5:43  Roach x3  
  76  5:46  Roach x2  
  76  5:49  Overlord  
  85  5:54  Spine Crawler  
  84  5:59  Extractor  
  83  6:06  Glial Reconstitution, Drone x3  
  83  6:08  Overseer  
  86  6:13  Drone  
  86  6:15  Evolution Chamber  
  86  6:18  Roach x5  
  96  6:23  Baneling  
  96  6:24  Spine Crawler x2  
  96  6:25  Baneling  
  94  6:28  Roach  
  94  6:29  Zergling x10  
  94  6:30  Zergling x2  
  102  6:35  Zergling x2  
  102  6:36  Zergling x6  
  105  6:41  Baneling x2  
  105  6:43  Zergling x2  
  105  6:44  Zergling x6  
  105  6:46  Overlord  
  85  7:04  Roach  
  85  7:05  Roach x7  
  89  7:13  Roach x3  
  87  7:18  Roach  
  87  7:20  Zergling x4  
  85  7:25  Zergling x4  
  85  7:36  Roach x3  
  65  7:46  Roach  
  65  7:47  Roach x6  
  75  7:54  Zergling x6  
  68  7:58  Roach  
  68  8:02  Roach  
  65  8:08  Zergling x4  
  67  8:15  Drone  
  67  8:16  Drone x5  
  72  8:20  Drone  
  72  8:27  Queen  
  73  8:32  Queen  
  73  8:33  Hatchery  
  76  8:41  Zerg Missile Weapons Level 1  
  76  8:43  Extractor  
  76  8:48  Roach  
  73  8:57  Drone x2  
  74  9:03  Extractor  
  74  9:04  Drone x2  
  74  9:05  Queen  
  74  9:08  Drone x2  
  76  9:10  Drone  
  76  9:15  Drone  
  77  9:25  Roach  
  77  9:31  Roach  
  81  9:35  Roach x2  
  81  9:36  Roach  
  87  9:41  Ravager x2  
  90  9:45  Drone  
  90  9:46  Roach x2  
  90  9:48  Drone x3  
  99  9:52  Roach  
  99  9:58  Overlord x2  
  99  10:07  Overlord  
  99  10:18  Roach x7  
Tags
 
Add a new tag
Caveats
  • Supply blocks, unpowered buildings, or Contaminate may cause inaccurate times.
  • Supply counts are checked every 10 seconds.